 Dungeon Crawl Stone Soup version 0.25.1-2-g60ff931df9 (webtiles) character file.

Game seed: 1365751479924578168

10915 funkygono the Archer (level 11, 0/95 HPs)
             Began as a Minotaur Hunter on Sept 25, 2020.
             Was a High Priest of Okawaru.
             Splashed by an oklob plant's acid (9 damage)
             ... on level 10 of the Dungeon on Sept 27, 2020.
             The game lasted 00:33:41 (11676 turns).

funkygono the Archer (Minotaur Hunter)             Turns: 11676, Time: 00:33:44

Health: 0/95       AC:  7    Str: 20    XL:     11   Next: 42%
Magic:  9/11       EV: 12    Int:  8    God:    Okawaru [*****.]
Gold:   594        SH:  0    Dex: 11    Spells: 10/10 levels left

rFire    . . .     SeeInvis .   a - +4 flail (holy)
rCold    + . .     Gourm    .   (no shield)
rNeg     . . .     Faith    .   H - +4 chain mail {rC+}
rPois    .         Spirit   .   (helmet restricted)
rElec    .         Reflect  .   D - +2 cloak
rCorr    .         Harm     .   i - +2 pair of gloves
MR       .....                  (no boots)
Stlth    ..........             O - amulet of regeneration
HPRegen  0.65/turn              v - +4 ring of protection
MPRegen  0.12/turn              (no ring)

@: heroism, corroded, drained
A: retaliatory headbutt, horns 2
a: Heroism, Finesse, Renounce Religion


You were on level 10 of the Dungeon.
You worshipped Okawaru.
Okawaru was extremely pleased with you.
You were not hungry.

You visited 2 branches of the dungeon, and saw 11 of its levels.

You collected 594 gold pieces.

Inventory:

Hand Weapons
 a - a +4 flail of holy wrath (weapon)
 b - a +1 shortbow
 A - the +3 quarterstaff "Beast's Undoing" {freeze, rN+ MR- Str-3 Int+9}
   (You found it on level 5 of the Dungeon)

   It has been specially enchanted to freeze those struck by it, causing extra
   injury to most foes and up to half again as much damage against particularly
   susceptible opponents.
   It can also slow down cold-blooded creatures.
   It affects your strength (-3).
   It affects your intelligence (+9).
   It protects you from negative energy.
   It affects your resistance to hostile enchantments.
 C - a +3 quarterstaff of chaos
 G - a +2 whip of flaming
 M - the +6 falchion "Fojaigh" {protect, *Noise MR+++ SInv Stlth+}
   (You found it on level 9 of the Dungeon)

   It grants its wielder temporary protection when it strikes (+7 to AC).
   It affects your resistance to hostile enchantments.
   It lets you see invisible.
   It may make noises in combat.
   It makes you more stealthy.
Missiles
 d - 355 arrows
Armour
 c - a +1 leather armour
 i - a +2 pair of gloves (worn)
 o - +0 acid dragon scales
 w - the +0 ring mail of Calculation {rF+ rC+ MR+ Dex+4}
   (You found it on level 4 of the Dungeon)

   It affects your dexterity (+4).
   It protects you from fire.
   It protects you from cold.
   It affects your resistance to hostile enchantments.
 D - a +2 cloak (worn)
 H - a +4 chain mail of cold resistance (worn)
 K - the +1 scale mail "Fici" {rF- rC++ Int+6}
   (You found it on level 7 of the Dungeon)

   It affects your intelligence (+6).
   It makes you vulnerable to fire.
   It greatly protects you from cold.
 Q - a +2 pair of gloves of archery
Jewellery
 g - an uncursed ring of fire
 h - an uncursed ring of wizardry
 v - a +4 ring of protection (left hand)
 O - an amulet of regeneration (around neck)
Wands
 k - a wand of paralysis (22)
 l - a wand of iceblast (3)
 m - a wand of acid (18)
 y - a wand of polymorph (5)
 F - a wand of clouds (7)
 N - a wand of flame (20)
Scrolls
 r - 4 scrolls of amnesia
 t - a scroll of fear
 z - 4 scrolls of teleportation
 E - 2 scrolls of remove curse
 I - 2 scrolls of magic mapping
 R - a scroll of blinking {unknown}
Potions
 e - a potion of might
 j - 4 potions of curing
 n - 5 potions of lignification
 p - a potion of berserk rage
 q - 2 potions of stabbing
 s - a potion of haste
 u - 2 potions of brilliance
 x - 3 potions of resistance
 B - 2 potions of magic
 J - a potion of invisibility {unknown}
 P - 2 potions of heal wounds
Comestibles
 f - 24 rations
 L - 3 chunks of flesh


   Skills:
 + Level 8.8(12.8) Fighting
 + Level 1.7(6.0) Long Blades
 + Level 11.2(15.2) Maces & Flails
 + Level 11.9(15.9) Bows
 + Level 8.5(12.6) Armour
 + Level 5.5(9.6) Dodging
 - Level 2.0(6.2) Stealth
 + Level 1.6(1.0) Invocations


You had 10 spell levels left.
You didn't know any spells.
Your spell library contained the following spells:

 Spells                   Type           Power        Failure   Level  Hunger
 Animate Skeleton         Necr           N/A          95%         1    ##.....
 Apportation              Tloc           #.....       95%         1    ##.....
 Corona                   Hex            #......      95%         1    ##.....
 Foxfire                  Conj/Fire      #...         95%         1    ##.....
 Shock                    Conj/Air       #...         95%         1    ##.....
 Summon Small Mammal      Summ           #...         95%         1    ##.....
 Swiftness                Chrm/Air       #.......     99%         2    ###....
 Conjure Flame            Conj/Fire      #.......     100%        3    ####...
 Inner Flame              Hex/Fire       #.......     100%        3    ####...
 Recall                   Summ/Tloc      N/A          100%        3    ####...
 Static Discharge         Conj/Air       #.......     100%        3    ####...
 Airstrike                Air            #.........   100%        4    #####..
 Animate Dead             Necr           N/A          100%        4    #####..
 Sticky Flame             Conj/Fire      #.......     100%        4    #####..
 Borgnjor's Vile Clutch   Necr/Erth      #.........   100%        5    ######.
 Fireball                 Conj/Fire      #.........   100%        5    ######.
 Lightning Bolt           Conj/Air       #.........   100%        5    ######.
 Death Channel            Necr           #.........   100%        6    #######
 Simulacrum               Ice/Necr       #.........   100%        6    #######


Dungeon Overview and Level Annotations

Branches:
Dungeon (10/15)            Temple (1/1) D:4            Lair (0/6) D:10
    Orc: D:9-12

Altars:
Ashenzari
Cheibriados
Dithmenos
Elyvilon
Fedhas
Gozag
Hepliaklqana
Kikubaaqudgha
Makhleb
Nemelex Xobeh
Okawaru
Qazlal
Ru
Sif Muna
Trog
Uskayaw
Vehumet
Wu Jian
Xom
Yredelemnul
Zin
The Shining One

Shops:
D:4 %

Annotations:
D:10 exclusion: 2 oklob plants


Innate Abilities, Weirdness & Mutations

You reflexively headbutt those who attack you in melee.
You have a pair of horns on your head.


Message History

The splash of acid hits you. The acid corrodes you!
You are splashed with acid!
You sock the oklob plant!
The oklob plant is moderately damaged.
You hit the oklob plant but do no damage.
You headbutt the oklob plant, but do no damage.
The oklob plant is moderately damaged.
The oklob plant spits acid at you. The splash of acid hits you.
You are splashed with acid!
* * * LOW HITPOINT WARNING * * *
The oklob plant spits acid at you.
The splash of acid hits you but does no damage.
The acid corrodes you!
You are splashed with acid!
* * * LOW HITPOINT WARNING * * *
You hit the oklob plant.
The oklob plant is heavily damaged.
The oklob plant spits acid at you. The splash of acid hits you.
* * * LOW HITPOINT WARNING * * *
The acid corrodes you!
You are splashed with acid!
You die...

#.....#
#.##..........#
#######
#.##..........#
#.##..........#
#.##..........#
♣♣♣♣♣♣........#
♣♣.♣♣♣♣..[....#
♣♣♣♣♣.♣.♣♣........#
♣P♣..♣.♣♣.♣########
♣$@.♣♣♣.♣.♣ ♣._.♣
♣♣.♣♣ ♣♣%$P♣♣.♣.♣
♣♣♣♣♣♣♣.♣♣ ♣♣♣


You could see 2 oklob plants.

Vanquished Creatures
  A centaur warrior (D:7)
  Nergalle (D:10)
  Pikel (D:4)
  An ugly thing (D:7)
  Maggie (D:10)
  A kobold demonologist (D:7)
  2 hippogriffs
  2 hungry ghosts
  A spriggan (D:7)
  A wraith (D:7)
  The ghost of UnknownFlame the Chopper, an amateur HOFi (D:3)
  Eustachio (D:5)
  4 yaks (D:8)
  Edmund (D:5)
  Menkaure (D:4)
  2 water moccasins
  6 ice beasts
  5 orc warriors
  4 phantoms
  A sky beast (D:8)
  3 ogres
  7 centaurs
  2 crocodiles (D:7)
  2 big kobolds (D:7)
  Blork the orc (D:6)
  4 bullfrogs
  A water moccasin zombie (D:9)
  3 scorpions
  A water moccasin skeleton (D:8)
  16 killer bees
  12 electric eels
  4 howler monkeys
  A crimson imp (D:10)
  2 bullfrog zombies (D:10)
  4 hounds
  2 jellies (D:8)
  16 orc wizards
  2 bullfrog skeletons
  11 orc priests
  Jessica (D:3)
  Crazy Yiuf (D:5)
  5 iguanas
  6 worker ants
  2 hound skeletons
  A howler monkey skeleton (D:5)
  8 gnolls
  7 adders
  2 shadow imps
  A worker ant simulacrum (D:3)
  2 adder skeletons (D:9)
  A worm (D:2)
  2 dart slugs
  4 leopard geckos
  29 orcs
  A ball python (D:6)
  9 bats
  2 giant cockroaches
  10 goblins
  5 hobgoblins
  13 jackals
  7 kobolds
  5 quokkas
  3 frilled lizards
  2 giant cockroach simulacra (D:3)
  2 jackal skeletons
  A leopard gecko simulacrum (D:3)
  8 rats
272 creatures vanquished.

Vanquished Creatures (others)
  A slave (D:4)
  A scorpion (D:4)
  4 orcs (D:4)
  A jackal skeleton (D:4)
  A leopard gecko skeleton (D:4)
8 creatures vanquished.

Grand Total: 280 creatures vanquished

Notes
Turn   | Place    | Note
-------+----------+-------------------------------------------
     0 | D:1      | funkygono the Minotaur Hunter began the quest for the Orb.
     0 | D:1      | Reached XP level 1. HP: 18/18 MP: 0/0
   146 | D:1      | Reached XP level 2. HP: 25/25 MP: 1/1
   260 | D:1      | Reached skill level 5 in Bows
   735 | D:2      | Reached XP level 3. HP: 27/30 MP: 2/2
  1060 | D:2      | Reached XP level 4. HP: 27/38 MP: 3/3
  2351 | D:3      | Noticed Jessica
  2362 | D:3      | Found a stormy altar of Qazlal.
  2368 | D:3      | Killed Jessica
  2368 | D:3      | Reached skill level 1 in Armour
  2368 | D:3      | Reached XP level 5. HP: 42/45 MP: 4/4
  2392 | D:3      | Found a runed translucent gate.
  2394 | D:3      | Found a runed translucent gate.
  2444 | D:3      | Found a runed translucent gate.
  2663 | D:3      | Noticed UnknownFlame's ghost (amateur HOFi)
  2771 | D:3      | Killed UnknownFlame's ghost
  2771 | D:3      | Reached skill level 1 in Maces & Flails
  2771 | D:3      | Reached skill level 1 in Stealth
  2771 | D:3      | Reached XP level 6. HP: 30/51 MP: 5/5
  2952 | D:4      | Noticed Pikel
  2952 | D:4      | Noticed a slave
  2955 | D:4      | Noticed a slave
  2960 | D:4      | Noticed a slave
  2961 | D:4      | Paralysed by Pikel for 3 turns
  2967 | D:4      | Killed Pikel
  2967 | D:4      | Reached XP level 7. HP: 47/58 MP: 6/6
  3034 | D:4      | Found a staircase to the Ecumenical Temple.
  3363 | D:4      | Found a glowing silver altar of Zin.
  3377 | D:4      | Got an ichor-stained ring mail
  3388 | D:4      | Identified the cursed +0 ring mail of Calculation {rF+ rC+
                  | MR+ Dex+4} (You found it on level 4 of the Dungeon)
  3483 | Temple   | Entered the Ecumenical Temple
  3511 | Temple   | Became a worshipper of Warmaster Okawaru
  3710 | D:4      | Noticed Menkaure
  3719 | D:4      | Killed Menkaure
  3719 | D:4      | Reached XP level 8. HP: 67/67 MP: 7/7
  3821 | D:4      | Found Zetuv's Food Shop.
  3952 | D:5      | Entered Level 5 of the Dungeon
  4011 | D:5      | Got a masterwork quarterstaff
  4012 | D:5      | Identified the +3 quarterstaff "Beast's Undoing" {freeze,
                  | rN+ MR- Str-3 Int+9} (You found it on level 5 of the
                  | Dungeon)
  4172 | D:5      | Found a runed translucent door.
  4173 | D:5      | Noticed Crazy Yiuf
  4184 | D:5      | Killed Crazy Yiuf
  4501 | D:5      | Noticed Edmund
  4511 | D:5      | Killed Edmund
  4511 | D:5      | Reached * piety under Okawaru
  4511 | D:5      | Reached skill level 5 in Fighting
  4590 | D:5      | Found a radiant altar of Vehumet.
  4590 | D:5      | Found a snail-covered altar of Cheibriados.
  4590 | D:5      | Found a shadowy altar of Dithmenos.
  4664 | D:5      | Noticed Eustachio
  4672 | D:5      | Killed Eustachio
  4987 | D:6      | Reached skill level 5 in Maces & Flails
  5014 | D:6      | Reached skill level 5 in Armour
  5070 | D:6      | Reached XP level 9. HP: 74/74 MP: 5/8
  5748 | D:6      | Noticed Blork the orc
  5759 | D:6      | Killed Blork the orc
  5968 | D:7      | Found a shadowy altar of Dithmenos.
  6122 | D:7      | Reached skill level 10 in Bows
  6122 | D:7      | Reached skill level 5 in Dodging
  6303 | D:7      | Got a faintly humming scale mail
  6314 | D:7      | Identified the +1 scale mail "Fici" {rF- rC++ Int+6} (You
                  | found it on level 7 of the Dungeon)
  6479 | D:7      | Reached ** piety under Okawaru
  6485 | D:7      | Noticed a kobold demonologist
  6488 | D:7      | Noticed an orange demon
  6501 | D:7      | Killed a kobold demonologist
  6618 | D:7      | Reached XP level 10. HP: 84/84 MP: 9/9
  6652 | D:7      | Noticed a white ugly thing
  6660 | D:7      | Killed a white ugly thing
  6660 | D:7      | Reached skill level 1 in Invocations
  6780 | D:7      | Found a hide-covered altar of Uskayaw.
  6781 | D:7      | Found a glowing golden altar of the Shining One.
  6781 | D:7      | Found a snail-covered altar of Cheibriados.
  6781 | D:7      | Found a snail-covered altar of Cheibriados.
  6807 | D:7      | Noticed a centaur warrior
  6824 | D:7      | Killed a centaur warrior
  6824 | D:7      | Reached *** piety under Okawaru
  8295 | D:8      | Reached skill level 10 in Maces & Flails
  8545 | D:8      | Reached **** piety under Okawaru
  8664 | D:8      | Reached XP level 11. HP: 75/94 MP: 8/11
  9292 | D:9      | Got a steaming falchion
  9293 | D:9      | Identified the +6 falchion "Fojaigh" {protect, *Noise MR+++
                  | SInv Stlth+} (You found it on level 9 of the Dungeon)
  9788 | D:9      | Found a blossoming altar of Fedhas.
 10114 | D:10     | Entered Level 10 of the Dungeon
 10268 | D:10     | Reached skill level 1 in Long Blades
 10622 | D:10     | Noticed Nergalle
 10647 | D:10     | Killed Nergalle
 10702 | D:10     | Noticed Maggie
 10722 | D:10     | Killed Maggie
 10722 | D:10     | Reached ***** piety under Okawaru
 11051 | D:10     | HP: 4/95 [electric eel/bolt of electricity (8)]
 11574 | D:10     | Found a staircase to the Lair.
 11666 | D:10     | Found a blossoming altar of Fedhas.
 11669 | D:10     | Noticed an oklob plant
 11669 | D:10     | Noticed an oklob plant
 11676 | D:10     | Splashed by an oklob plant's acid

Illustrated notes

Levels and vault maps discovered:
D:1:      lightli_arrival_statuegarden, layout_rooms
D:2:      minmay_general_purpose_star, layout_basic, first_ration,
          chequers_serial_rivers_micro_d
D:3:      layout_basic, overflow_temple_1_default, gammafunk_ghost_icy,
          uniq_jessica
D:4:      layout_loops_cross, old_standard_altar,
          minmay_temple_entry_mini_moons, serial_shops, shop_fountains,
          uniq_pikel, uniq_menkaure
D:5:      layout_rooms, gammafunk_temple_overflow_claw, uniq_eustachio,
          uniq_edmund, uniq_crazy_yiuf_cottage
D:6:      layout_rooms, serial_bayou_ford_a, minivault_27, uniq_blork_the_orc
D:7:      minmay_the_grid_octo_tiled_squarecenter [minmay_the_grid_octo_shrine,
          minmay_the_grid_octo_77, minmay_the_grid_octo_checkerflower,
          minmay_the_grid_octo_empty,
          minmay_the_grid_square_5x5_megaprize_checkered,
          minmay_the_grid_square_5x5_three_small,
          minmay_the_grid_square_5x5_inner_z,
          minmay_the_grid_square_5x5_minibox,
          minmay_the_grid_square_5x5_minivault], layout_cave_pods, the_bakery,
          nicolae_dithmenos_the_darkroom
D:8:      layout_basic
D:9:      layout_gridville, kennysheep_mini, dk_rats_in_the_wall
D:10:     layout_basic, lair_entry_dummy, serial_shops, shop,
          hangedman_tree_tricks, uniq_maggie, uniq_nergalle
Temple:   regret_index_temple_sphere_string

Skill      XL: |  1  2  3  4  5  6  7  8  9 10 11 |
---------------+----------------------------------+-----
Bows           | 5 6 7 8 9 10 11 | 11.9
Fighting       | 3 4 5 6 8 |  8.8
Armour         | 1 2 3 5 6 7 8 |  8.5
Maces & Flails | 1 2 3 5 7 10 11 | 11.2
Dodging        | 3 4 5 |  5.5
Stealth        | 1 2 |  2.0
Invocations    | 1 |  1.6
Long Blades    | 1 |  1.7

Action                   |  1- 3 |  4- 6 |  7- 9 | 10-12 || total
-------------------------+-------+-------+-------+-------++-------
Melee: Short sword       |     2 |       |       |       ||     2
       Whip              |    41 |    89 |    50 |       ||   180
       Headbutt          |     3 |     8 |    27 |    59 ||    97
       Flail             |       |       |    90 |   335 ||   425
       Unarmed           |       |       |     1 |       ||     1
       Falchion          |       |       |       |    34 ||    34
 Fire: Shortbow          |    61 |    58 |   201 |   210 ||   530
Invok: Heroism           |       |       |    12 |    17 ||    29
  Use: Scroll            |     4 |     9 |     4 |     6 ||    23
       Potion            |       |     1 |       |     6 ||     7
  Eat: Chunk             |       |     5 |     9 |    14 ||    28
       Ration            |       |     1 |       |     1 ||     2
Armor: Leather armour    |    18 |    26 |     4 |       ||    48
       Ring mail         |       |       |    12 |       ||    12
       Chain mail        |       |       |    87 |   298 ||   385
Dodge: Dodged            |    33 |    65 |    76 |   217 ||   391
       Rpst.: Falchion   |       |       |       |     4 ||     4
